 Dungeon Crawl Stone Soup version 0.27-a0-597-g524d869a0f (webtiles) character file.

Game seed: 2618260836336543550

118 siradein the Chopper (level 4, 0/45 (52) HPs)
             Began as a Demonspawn Berserker on Mar 11, 2021.
             Was a Believer of Trog.
             Slain by a wight
             ... wielding a +2 spear of freezing
              (2 damage)
             ... in a sewer.
             The game lasted 00:08:19 (2341 turns).

siradein the Chopper (Demonspawn Berserker)         Turns: 2341, Time: 00:08:20

HP:   0/45 (52)     AC:  5    Str: 17    XL:     4   Next: 72%
MP:   4/4           EV: 11    Int:  8    God:    Trog [**....]
Gold: 54            SH:  0    Dex: 14    Spells: 3/3 levels left

rFire    . . .     SeeInvis .   a - +0 hand axe
rCold    . . .     Faith    .   (no shield)
rNeg     . . .     Spirit   .   c - +0 ring mail
rPois    .         Reflect  .   (helmet restricted)
rElec    .         Harm     .   (no cloak)
rCorr    .         Rampage  .   (no gloves)
Will     ++...                  (no boots)
Stlth    ..........             (no amulet)
HPRegen  2.15/turn              (no ring)
MPRegen  0.09/turn              (no ring)

@: berserking, regenerating, heavily drained, very quick
A: antennae 1, powered by death 1
a: Renounce Religion, Berserk, Trog's Hand


You were in a sewer.
You worshipped Trog.
Trog was pleased with you.
You visited 1 branch of the dungeon, and saw 3 of its levels.
You also visited: Sewer.

You collected 54 gold pieces.

Inventory:

Hand Weapons
 a - a +0 hand axe (weapon)
Missiles
 j - 2 curare-tipped darts
Armour
 c - a +0 ring mail (worn)
 d - a +0 kite shield
Scrolls
 b - a scroll of teleportation {unknown}
 e - 2 scrolls of enchant armour {unknown}
 i - a scroll of enchant weapon {unknown}
 l - a scroll of fear {unknown}
Potions
 f - a potion of curing
 g - a potion of berserk rage
 h - 2 potions of cancellation {unknown}
 k - a potion of flight {unknown}


   Skills:
 - Level 3.0 Fighting
 + Level 5.0 Axes
 - Level 1.7 Armour
 - Level 1.7 Dodging


You had 3 spell levels left.
You didn't know any spells.
Your spell library was empty.

Dungeon Overview and Level Annotations

Branches:
Dungeon (3/15)              Sewer (1/1)

Altars:


Innate Abilities, Weirdness & Mutations

You have a pair of small antennae on your head.
You regenerate a little health from kills.


Message History

The kobold closely misses you.
You slash the kobold!
You feel the power of Trog in you as your rage grows.
You kill the kobold!
Trog accepts your kill.
You slash the giant cockroach zombie!
You destroy the giant cockroach zombie!
Trog accepts your kill.
You slash the kobold!
You kill the kobold!
Trog accepts your kill. The kobold hits you but does no damage.
The kobold zombie hits you.
* * * LOW HITPOINT WARNING * * *
Things that are here:
a +0 short sword; a kobold corpse You slash the kobold zombie!
You destroy the kobold zombie!
Trog accepts your kill.
You barely miss the kobold.
The wight hits you from afar with a +2 spear of freezing.
* * * LOW HITPOINT WARNING * * *
You feel drained. The wight freezes you.
* * * LOW HITPOINT WARNING * * *
The kobold hits you with a +0 club.
* * * LOW HITPOINT WARNING * * *
Unknown command.
You slash the kobold!
You kill the kobold!
Trog accepts your kill.
The wight hits you from afar with a +2 spear of freezing.
* * * LOW HITPOINT WARNING * * *
You feel drained. The wight freezes you.
* * * LOW HITPOINT WARNING * * *
Things that are here:
a +0 club; a kobold corpse You barely miss the wight.
The wight hits you with a +2 spear of freezing!
* * * LOW HITPOINT WARNING * * *
You feel drained.
You die...

#≈.)#.≈≈≈≈≈≈≈≈≈≈≈≈≈≈
#≈≈.#.≈≈≈≈≈≈≈≈≈≈≈≈≈≈
#≈≈.#.≈≈≈≈≈≈≈≈≈≈≈≈≈≈ ##+++
#≈≈.#..≈≈≈≈≈≈≈≈≈≈≈≈≈ #.....
#≈≈.#...≈≈≈≈≈≈≈≈≈≈≈
...⌠..###.####.#≈###≈≈#≈###
.⌠.....#...#≈≈.............
..._.⌠.†..z≈≈≈≈...)....)...
.⌠.....#..@#≈≈.............
...⌠..###)####.###≈##≈##≈##
#..... #≈).#...≈≈≈≈≈≈≈≈≈≈≈≈
##+++ #≈≈.#...≈≈≈≈≈≈≈≈≈≈≈≈
#≈..#.≈≈≈≈≈≈≈≈≈≈≈≈≈≈
#≈≈.#..≈≈≈≈≈≈≈≈≈≈≈≈≈
#≈≈.#.≈≈≈≈≈≈≈≈≈≈≈≈≈≈
#≈≈.+.≈≈≈≈≈≈≈≈≈≈≈≈≈≈
####################


You could see a wight.

Vanquished Creatures
  2 adders
  2 shadow imps (Sewer)
  An ufetubus (Sewer)
  2 worms
  3 dart slugs
  A ball python (D:1)
  6 giant cockroaches
  6 goblins
  4 hobgoblins
  11 bats
  6 frilled lizards
  A giant cockroach zombie (Sewer)
  18 kobolds
  A kobold zombie (Sewer)
  3 rats
67 creatures vanquished.

Notes
Turn   | Place    | Note
-------+----------+-------------------------------------------
     0 | D:1      | siradein the Demonspawn Berserker began the quest for the
                  | Orb.
     0 | D:1      | Reached XP level 1. HP: 18/18 MP: 1/1
   173 | D:1      | Reached skill level 3 in Axes
   415 | D:1      | Gained mutation: You have a pair of small antennae on your
                  | head. [demonic ancestry]
   415 | D:1      | Reached XP level 2. HP: 15/24 MP: 2/2
  1113 | D:1      | Reached skill level 4 in Axes
  1113 | D:1      | Reached XP level 3. HP: 26/29 MP: 3/3
  1611 | D:2      | Gained mutation: You regenerate a little health from kills.
                  | [demonic ancestry]
  1611 | D:2      | Reached XP level 4. HP: 35/35 MP: 4/4
  1622 | D:2      | Reached ** piety under Trog
  2102 | D:3      | Found a glowing drain.
  2117 | Sewer    | Entered a sewer
  2305 | Sewer    | Reached skill level 5 in Axes
  2319 | Sewer    | Found an ancient bone altar of Kikubaaqudgha.
  2341 | Sewer    | HP: 2/48 [wight/+2 spear of freezing (9)]
  2341 | Sewer    | Slain by a wight

Illustrated notes

Levels and vault maps discovered:
D:1:      lightli_arrival_windingriver, layout_loops_corners, kennysheep_boxes
D:2:      layout_basic, minivault_11, minmay_pentomino_p2
D:3:      layout_rooms, minmay_overflow_temple_star_quad,
          chequers_ecumenical_altar_simple_redux, portal_sewer_entry_a,
          st_stairs_7, minmay_fractal_squares_5
Sewer:    kennysheep_sewer_church

Skill      XL: |  1  2  3  4 |
---------------+-------------+-----
Axes           | 3 4 5 |  5.0
Fighting       | |  3.0
Armour         | |  1.7
Dodging        | |  1.7

Action                   |  1- 3 |  4- 6 || total
-------------------------+-------+-------++-------
Melee: Hand axe          |   116 |    90 ||   206
Invok: Berserk           |     2 |     1 ||     3
       Trog's Hand       |       |     2 ||     2
  Use: Scroll            |     3 |       ||     3
Armor: Ring mail         |    39 |    48 ||    87
Dodge: Dodged            |    67 |    60 ||   127

Table legend: (Time is in decaauts)
 A = Elapsed time spent in this place.
 B = Non-inter-level travel time spent in this place.
 C = Inter-level travel time spent in this place.
 D = Time resting spent in this place.
 E = Time spent auto-exploring this place.
 F = Levels seen in this place.
 G = Mean time per level.
                   A        B        C        D        E       F      G
               +--------+--------+--------+--------+--------+-----+--------+
         Total |   2407 |   2359 |     48 |    199 |   1655 |   4 |  601.8 |
       Dungeon |   2178 |   2130 |     48 |    199 |   1535 |   3 |  726.0 |
         Sewer |    228 |    228 |      0 |      0 |    119 |   1 |  228.0 |
               +--------+--------+--------+--------+--------+-----+--------+

Top non-repeatable levels by time:
     D:1: 1353 daAuts
     D:2: 809 daAuts
   Sewer: 228 daAuts
     D:3: 16 daAuts
